 Dungeon Crawl Stone Soup version 0.28.0-43-g3370ac3207 (webtiles) character file.

Game seed: 3533839620070764017

647 Ablot the Grasshopper (level 7, 0/56 HPs)
             Began as a Gnoll Warper on Mar 12, 2022.
             Succumbed to a gnoll's poison
             ... on level 4 of the Dungeon.
             The game lasted 00:09:15 (7094 turns).

Ablot the Grasshopper (Gnoll Warper)                Turns: 7094, Time: 00:09:15

Health: 0/56       AC:  3    Str: 13    XL:     7   Next: 52%
Magic:  15/15      EV: 14    Int: 12    God:
Gold:   148        SH:  0    Dex: 15    Spells: 15/17 levels left

rFire   + . .      SeeInvis +   q - +2 club (spect)
rCold   x . .      Faith    .   (no shield)
rNeg    + . .      Spirit   .   b - +0 leather armour
rPois   .          Reflect  .   (no helmet)
rElec   +          Harm     .   (no cloak)
rCorr   .          Rampage  .   (no gloves)
Will    ++...                   (no boots)
Stlth   ++........              (no amulet)
HPRegen 0.18/turn               g - ring of Ucsu {Fire rElec rN+ Will++ Dex+4}
MPRegen 0.14/turn               t - ring of see invisible

@: lethally poisoned (0 -> -17)
A: fangs 1, strong nose, distributed training
a: no special abilities


You were on level 4 of the Dungeon.
You visited 1 branch of the dungeon, and saw 4 of its levels.
You also visited: Sewer.

You collected 148 gold pieces.

Inventory:

Hand Weapons
 a - a +0 spear
 q - a +2 spectral club (weapon)
Missiles
 d - 5 boomerangs of dispersal
 e - 99 arrows
 f - 161 stones (quivered)
 s - 31 sling bullets
Armour
 b - a +0 leather armour (worn)
Magical Staves
 r - a staff of cold
Jewellery
 g - the ring of Ucsu (left hand) {Fire rElec rN+ Will++ Dex+4}
   (You found it on level 3 of the Dungeon)

   [ring of fire]

   It enhances your fire magic.
   Dex:       It affects your dexterity (+4).
   rF:        It protects you from fire.
   rC:        It makes you vulnerable to cold.
   rElec:     It insulates you from electricity.
   rN:        It protects you from negative energy.
   Will:      It greatly increases your willpower.
 t - a ring of see invisible (right hand)
Wands
 p - a wand of polymorph (5)
Scrolls
 c - 2 scrolls of blinking
 h - 4 scrolls of identify {unknown}
 i - a scroll of fear {unknown}
 k - a scroll of holy word {unknown}
 l - a scroll of teleportation {unknown}
Potions
 j - a potion of magic {unknown}
 m - a potion of mutation {unknown}
 n - a potion of berserk rage {unknown}
 o - a potion of ambrosia {unknown}


   Skills:
 + Level 5.2 Fighting
 + Level 2.5 Short Blades
 + Level 2.5 Long Blades
 + Level 2.5 Axes
 + Level 2.5 Maces & Flails
 + Level 5.2 Polearms
 + Level 2.5 Staves
 + Level 2.5 Slings
 + Level 2.5 Bows
 + Level 2.5 Crossbows
 + Level 3.6 Throwing
 + Level 3.6 Armour
 + Level 5.2 Dodging
 + Level 2.5 Stealth
 + Level 2.5 Shields
 + Level 2.5 Unarmed Combat
 + Level 5.6 Spellcasting
 + Level 2.0 Conjurations
 + Level 2.0 Hexes
 + Level 2.0 Summonings
 + Level 2.0 Necromancy
 + Level 5.8 Translocations
 + Level 2.0 Transmutations
 + Level 2.0 Fire Magic
 + Level 2.0 Ice Magic
 + Level 2.0 Air Magic
 + Level 2.0 Earth Magic
 + Level 2.0 Poison Magic
 + Level 2.8 Invocations
 + Level 2.5 Evocations


You had 15 spell levels left.
You knew the following spells:

 Your Spells              Type           Power      Damage    Failure   Level
a - Blink                 Tloc           34%        N/A       3%          2

Your spell library contained the following spells:

 Spells                   Type           Power      Damage    Failure   Level
 Gell's Gravitas          Tloc           17%        N/A       6%          3
 Lesser Beckoning         Tloc           17%        N/A       6%          3
 Teleport Other           Tloc           17%        N/A       6%          3
 Static Discharge         Conj/Air       8%         N/A       14%         2
 Manifold Assault         Tloc           17%        N/A       50%         5
 Dispel Undead            Necr           8%         3d8       67%         4
 Sticky Flame             Conj/Fire      12%        2d4       67%         4
 Borgnjor's Revivificati  Necr           4%         N/A       100%        8
 Necromutation            Tmut/Necr      4%         N/A       100%        8
 Death's Door             Necr           4%         N/A       100%        9


Dungeon Overview and Level Annotations

Branches:
Dungeon (4/15)              Sewer (visited)
 Temple: D:4-7

Altars:

Shops:
D:3 =


Innate Abilities, Weirdness & Mutations

You have very sharp teeth.
Your uncanny sense of smell can sniff out nearby items.
Your experience applies equally to all skills.


Message History

You are too injured to fight recklessly!
You are too injured to fight recklessly!
You are too injured to fight recklessly!
You are too injured to fight recklessly!
You are too injured to fight recklessly!
You are too injured to fight recklessly!
You are too injured to fight recklessly!
You are too injured to fight recklessly!
You are too injured to fight recklessly!
You are too injured to fight recklessly!
Unknown command.
A ball python comes into view.
You feel sick. The gnoll hits you but does no damage.
The ball python moves out of view.
You feel sick.
You feel sick.
You feel sick.
You are no longer poisoned.
You hit the gnoll. You bite the gnoll, but do no damage.
The gnoll is lightly wounded.
Your +2 spectral club barely misses the gnoll.
The gnoll completely misses you.
Unknown command.
You closely miss the gnoll.
The gnoll is lightly wounded.
Your +2 spectral club hits the gnoll.
The gnoll closely misses your +2 spectral club.
Unknown command.
You hit the gnoll. You bite the gnoll, but do no damage.
The gnoll is severely wounded.
Your +2 spectral club hits the gnoll.
The gnoll hits you from afar with a +2 halberd of venom!
* * * LOW HITPOINT WARNING * * *
You are lethally poisoned!
The gnoll barely misses your +2 spectral club.
The gnoll closely misses you. The gnoll hits you with a +0 flail.
* * * LOW HITPOINT WARNING * * *
* * * LOW HITPOINT WARNING * * *
You feel very sick.
You die...

#. ..# #.#....# ## ∆#.##.#
#.#.#..#
#..###.S#.#############.#.#..#
#.#..[#w..#.........)<#.#.#..#
#.........#.#########)#.#.#...
####....g.#.# #.#.#.#...
######.#.#########.#...÷...
#g#§............####.#
#g.g.@........#.......
####################.# ∆
......... ###### #######.#
.....# #.# ####.# #.# #.# #.#
#.# #.#
#.##########################.#


You could see 3 gnolls.

Vanquished Creatures
  Grinder (D:3)
  2 bullfrogs (Sewer)
  Jessica (D:3)
  Terence (D:3)
  An orc wizard (D:3)
  A gnoll (D:4)
  11 adders
  A river rat (D:3)
  2 worms
  A dart slug (D:2)
  4 orcs
  10 ball pythons
  8 bats
  14 endoplasms
  7 giant cockroaches
  11 hobgoblins
  3 jackals (D:1)
  10 quokkas
  11 frilled lizards
  3 goblins
  10 kobolds
  3 rats
116 creatures vanquished.

Notes
Turn   | Place    | Note
-------+----------+-------------------------------------------
     0 | D:1      | Ablot the Gnoll Warper began the quest for the Orb.
     0 | D:1      | Reached XP level 1. HP: 20/20 MP: 6/6
   250 | D:1      | Reached XP level 2. HP: 25/26 MP: 7/7
   253 | D:1      | Learned a level 2 spell: Blink
   994 | D:1      | Reached XP level 3. HP: 30/31 MP: 9/9
  1052 | D:1      | Reached skill level 5 in Spellcasting
  1682 | D:2      | Reached skill level 1 in Invocations
  2175 | D:2      | Reached skill level 1 in Short Blades
  2175 | D:2      | Reached skill level 1 in Long Blades
  2175 | D:2      | Reached skill level 1 in Axes
  2175 | D:2      | Reached skill level 1 in Maces & Flails
  2175 | D:2      | Reached skill level 1 in Staves
  2175 | D:2      | Reached skill level 1 in Slings
  2175 | D:2      | Reached skill level 1 in Bows
  2175 | D:2      | Reached skill level 1 in Crossbows
  2175 | D:2      | Reached skill level 1 in Stealth
  2175 | D:2      | Reached skill level 1 in Shields
  2175 | D:2      | Reached skill level 1 in Unarmed Combat
  2175 | D:2      | Reached skill level 1 in Evocations
  2175 | D:2      | Reached XP level 4. HP: 8/38 MP: 11/11
  2866 | D:3      | Noticed Terence
  3216 | D:3      | Found a faded altar of an unknown god.
  3250 | D:3      | Identified the ring of Ucsu {Fire rElec rN+ Will++ Dex+4}
  3273 | D:3      | Reached skill level 1 in Conjurations
  3273 | D:3      | Reached skill level 1 in Hexes
  3273 | D:3      | Reached skill level 1 in Summonings
  3273 | D:3      | Reached skill level 1 in Necromancy
  3273 | D:3      | Reached skill level 1 in Transmutations
  3273 | D:3      | Reached skill level 1 in Fire Magic
  3273 | D:3      | Reached skill level 1 in Ice Magic
  3273 | D:3      | Reached skill level 1 in Air Magic
  3273 | D:3      | Reached skill level 1 in Earth Magic
  3273 | D:3      | Reached skill level 1 in Poison Magic
  3429 | D:3      | Found a glowing drain.
  3449 | Sewer    | Entered a sewer
  3615 | Sewer    | Reached XP level 5. HP: 3/43 MP: 12/12
  4666 | Sewer    | Reached XP level 6. HP: 23/50 MP: 13/13
  4858 | Sewer    | Reached skill level 5 in Fighting
  4858 | Sewer    | Reached skill level 5 in Polearms
  4858 | Sewer    | Reached skill level 5 in Dodging
  5338 | D:3      | Noticed Grinder
  5353 | D:3      | Paralysed by Grinder for 7 turns
  5376 | D:3      | HP: 2/51 [Grinder (2)]
  5732 | D:3      | Found Bety's One-of-a-Kind Rings.
  5778 | D:3      | Noticed Jessica
  5783 | D:3      | Killed Jessica
  6279 | D:3      | Killed Terence
  6306 | D:3      | Killed Grinder
  6307 | D:3      | Reached XP level 7. HP: 33/56 MP: 15/15
  7094 | D:4      | Succumbed to a gnoll's poison

Illustrated notes

Levels and vault maps discovered:
D:1:      dpeg_arrival_orchard, layout_basic, chequers_serial_rivers_small_3,
          minmay_octomino_e4
D:2:      layout_loops_cross, fountainhead, chequers_serial_rivers_micro_c,
          amcnicky_mini_rare_corridor_liquid, kennysheep_generic_room_12
D:3:      layout_loops_ring, basic_ecumenical_altar,
          cheibrodos_sewer_entry_sluice, nicolae_shop_unique_rings,
          minmay_crystal_room, supply_closet_lemuel, kennysheep_generic_room_10,
          uniq_terence, uniq_jessica, uniq_grinder
D:4:      layout_basic, temple_statues, st_stairs_4, nicolae_wooded_promenade,
          minmay_fractal_squares_diagonal_5, uniq_blork_the_orc, uniq_ijyb,
          uniq_pikel

Skill      XL: |  1  2  3  4  5  6 |
---------------+-------------------+-----
Spellcasting   | 5 |  5.6
Invocations    | 1 2 |  2.8
Short Blades   | 1 2 |  2.5
Long Blades    | 1 2 |  2.5
Axes           | 1 2 |  2.5
Maces & Flails | 1 2 |  2.5
Staves         | 1 2 |  2.5
Slings         | 1 2 |  2.5
Bows           | 1 2 |  2.5
Crossbows      | 1 2 |  2.5
Stealth        | 1 2 |  2.5
Shields        | 1 2 |  2.5
Unarmed Combat | 1 2 |  2.5
Evocations     | 1 2 |  2.5
Conjurations   | 1 2 |  2.0
Hexes          | 1 2 |  2.0
Summonings     | 1 2 |  2.0
Necromancy     | 1 2 |  2.0
Transmutations | 1 2 |  2.0
Fire Magic     | 1 2 |  2.0
Ice Magic      | 1 2 |  2.0
Air Magic      | 1 2 |  2.0
Earth Magic    | 1 2 |  2.0
Poison Magic   | 1 2 |  2.0
Throwing       | 3 |  3.6
Armour         | 3 |  3.6
Fighting       | 5 |  5.2
Polearms       | 5 |  5.2
Dodging        | 5 |  5.2
Translocations | |  5.8

Action                   |  1- 3 |  4- 6 |  7- 9 || total
-------------------------+-------+-------+-------++-------
Melee: Spear             |   184 |   349 |       ||   533
       Bite              |    18 |    38 |     8 ||    64
       Punch             |     1 |     8 |     2 ||    11
       Club              |       |    12 |    54 ||    66
Throw: Stone             |       |    54 |       ||    54
 Cast: Blink             |       |     1 |       ||     1
  Use: Potion            |     2 |       |       ||     2
 Stab: Sleeping          |     4 |     1 |     1 ||     6
Armor: Leather armour    |    35 |    76 |     9 ||   120
Dodge: Dodged            |    81 |   227 |    45 ||   353
